 Dungeon Crawl Stone Soup version 0.19.1-1-g22dce08 (webtiles) character file.

802 Fallorn the Cudgeler (level 7, -6/61 HPs)
             Began as a Minotaur Monk on Jan 2, 2017.
             Was a Believer of Okawaru.
             Killed by divine providence
             ... invoked by an orc priest
              (10 damage)
             ... on level 5 of the Dungeon.
             The game lasted 00:20:54 (4674 turns).

Fallorn the Cudgeler (Minotaur Monk)                Turns: 4674, Time: 00:20:55

Health: -6/61      AC: 13    Str: 16    XL:     7   Next: 59%
Magic:  6/6        EV:  9    Int: 15    God:    Okawaru [**....]
Gold:   162        SH:  8    Dex: 14    Spells: 0 memorised, 6 levels left

rFire  . . .     SeeInvis .     z - +4 trident (vamp)
rCold  . . .     Gourm    .     B - +4 scale mail of Light {rElec rCorr Int+3}
rNeg   . . .     Faith    .     s - +0 shield
rPois  .         Spirit   .     (helmet restricted)
rElec  +         Reflect  .     r - +1 cloak
rCorr  +         Harm     .     (no gloves)
MR     .....                    (no boots)
Stlth  +.........               (no amulet)
                                C - ring of flight
                                (no ring)

@: brilliant
A: retaliatory headbutt, horns 2
a: Heroism, Renounce Religion, Evoke Flight


You were on level 5 of the Dungeon.
You worshipped Okawaru.
Okawaru was pleased with you.
You were very hungry.

You visited 2 branches of the dungeon, and saw 6 of its levels.

You collected 162 gold pieces.

Inventory:

Hand Weapons
 a - a +1 mace
 i - a +0 hunting sling
 m - a +0 flail
 q - a +2 quarterstaff of chaos
 u - a +2 mace of draining
 y - a +0 mace
 z - a +4 vampiric trident (weapon)
 A - a +0 morningstar
Missiles
 g - 194 stones (quivered)
 n - 3 throwing nets
 o - 11 tomahawks
Armour
 b - a +0 robe
 f - a +1 plate armour
 h - a +0 leather armour
 r - a +1 cloak (worn)
 s - a +0 shield (worn)
 B - the +4 scale mail of Light (worn) {rElec rCorr Int+3}
   (You found it on level 4 of the Dungeon)

   It affects your intelligence (+3).
   It insulates you from electricity.
   It protects you from acid and corrosion.
 D - a +1 ring mail of poison resistance
Jewellery
 C - a ring of flight (right hand)
Wands
 w - a wand of paralysis (21/24)
Scrolls
 d - 2 scrolls of recharging
 e - 2 scrolls of identify
 x - 3 scrolls of immolation
 E - a scroll of remove curse
Potions
 p - 2 potions of brilliance
 v - a potion of heal wounds {unknown}
Comestibles
 c - 4 bread rations
 j - 5 fruits
 k - a meat ration
 l - a beef jerky
 t - a slice of pizza


   Skills:
 * Level 5.0 Fighting
 - Level 6.4 Maces & Flails
 * Level 1.2 Polearms
 + Level 1.4 Throwing
 * Level 4.0 Armour
 * Level 4.6 Dodging
 * Level 2.7 Stealth
 + Level 1.6 Shields
 * Level 2.8 Unarmed Combat


You had 6 spell levels left.
You didn't know any spells.

Dungeon Overview and Level Annotations

Branches:
Dungeon (5/15)             Temple (1/1) D:4

Altars:
Ashenzari
Dithmenos
Elyvilon
Gozag
Hepliaklqana
Kikubaaqudgha
Okawaru
Qazlal
Ru
Sif Muna
Uskayaw
Yredelemnul
Zin
The Shining One


Innate Abilities, Weirdness & Mutations

You reflexively headbutt those who attack you in melee.
You have a pair of horns on your head.


Message History

The orc priest barely misses you.
The orc wizard points at you and mumbles some strange words.
The magic dart hits you!
* * * LOW HITPOINT WARNING * * *
Unknown command.
Okay, then.
Wield which item (- for none, * to show all)? (? for menu, Esc to quit)
Really unwield
z - a +4 vampiric trident? [Y]es or [N]o only, please.
Really unwield
z - a +4 vampiric trident?
Wield which item (- for none, * to show all)? (? for menu, Esc to quit)
Huh?
Wield which item (- for none, * to show all)? (? for menu, Esc to quit)
Okay, then.
You closely miss the orc priest. Your headbutt misses the orc priest.
The orc priest is severely wounded.
You block the orc wizard's attack. You block the orc's attack.
The orc priest calls down the wrath of Beogh upon you.
Beogh smites you!
You die...

#.h... #..... #.h...
#..... . #..... #..
.#.....###########..##
....[.................
....$..<...ooo...Wh...
..........Yo@....o.###
...################# .


You could see a phantom, an ice beast, 2 orc priests, an orc wizard, 2 orcs and
a jackal.

Vanquished Creatures
  3 scorpions (D:4)
  A howler monkey (D:5)
  A crimson imp (D:3)
  2 hounds
  Crazy Yiuf (D:4)
  3 orc wizards (D:3)
  An orc priest (D:4)
  A bullfrog skeleton (D:4)
  2 worker ants (D:4)
  8 gnolls
  10 adders
  An ooze (D:2)
  2 worms (D:3)
  2 dart slugs (D:1)
  6 leopard geckos
  13 orcs
  3 giant cockroaches
  6 hobgoblins
  14 jackals
  2 quokkas (D:3)
  11 bats
  2 frilled lizards
  2 gnoll zombies (D:4)
  6 goblins
  A jackal skeleton (D:4)
  6 kobolds
  8 rats
118 creatures vanquished.

Vanquished Creatures (others)
  A giant cockroach (D:5)
  A quokka (D:5)
2 creatures vanquished.

Grand Total: 120 creatures vanquished

Notes
Turn   | Place    | Note
-------+----------+-------------------------------------------
     0 | D:1      | Fallorn the Minotaur Monk began the quest for the Orb.
     0 | D:1      | Reached XP level 1. HP: 19/19 MP: 0/0
   127 | D:1      | Reached skill level 1 in Armour
   356 | D:1      | Reached skill level 4 in Maces & Flails
   356 | D:1      | Reached XP level 2. HP: 23/27 MP: 1/1
   710 | D:1      | Reached XP level 3. HP: 25/33 MP: 2/2
   908 | D:2      | HP: 1/33 [poisoned by an adder]
  1410 | D:2      | Reached XP level 4. HP: 39/40 MP: 3/3
  1522 | D:2      | Reached skill level 1 in Throwing
  1542 | D:2      | Reached skill level 1 in Unarmed Combat
  1564 | D:2      | Found a hazy altar of Hepliaklqana.
  2076 | D:3      | Reached XP level 5. HP: 46/46 MP: 4/4
  2554 | D:3      | Reached skill level 5 in Maces & Flails
  2558 | D:3      | HP: 2/47 [something (1)]
  2564 | D:3      | Reached XP level 6. HP: 2/53 MP: 5/5
  3146 | D:3      | Reached skill level 1 in Shields
  3571 | D:4      | Found a staircase to the Ecumenical Temple.
  3608 | Temple   | Entered the Ecumenical Temple
  3811 | Temple   | Became a worshipper of Warmaster Okawaru
  3811 | Temple   | Reached * piety under Okawaru
  3811 | Temple   | Reached ** piety under Okawaru
  3928 | D:4      | Reached XP level 7. HP: 37/60 MP: 6/6
  3955 | D:4      | Reached skill level 6 in Maces & Flails
  3969 | D:4      | Got a faintly humming scale mail
  3982 | D:4      | Identified the +4 scale mail of Light {rElec rCorr Int+3} (You found it on level 4 of the Dungeon)
  4514 | D:4      | Found a basalt altar of Yredelemnul.
  4576 | D:4      | Found a runed door.
  4580 | D:4      | Noticed Crazy Yiuf
  4585 | D:4      | Killed Crazy Yiuf
  4646 | D:5      | Entered Level 5 of the Dungeon
  4655 | D:5      | Reached skill level 5 in Fighting
  4655 | D:5      | Reached skill level 1 in Polearms
  4674 | D:5      | Killed from afar by an orc priest

Skill      XL: |  1  2  3  4  5  6  7 |
---------------+----------------------+-----
Armour         | 1 2 3 4 |  4.0
Maces & Flails | 4 5 6 |  6.4
Fighting       | 4 5 |  5.0
Stealth        | 2 |  2.7
Throwing       | 1 |  1.4
Unarmed Combat | 1 2 |  2.8
Dodging        | 4 |  4.6
Shields        | 1 |  1.6
Polearms       | 1 |  1.2

Action                   |  1- 3 |  4- 6 |  7- 9 || total
-------------------------+-------+-------+-------++-------
Melee: Mace              |    56 |   239 |    26 ||   321
       Headbutt          |     5 |    32 |     8 ||    45
       Trident           |       |       |    40 ||    40
Throw: Stone             |    48 |    31 |       ||    79
       Tomahawk          |    13 |       |       ||    13
  Use: Scroll            |       |     8 |     3 ||    11
       Potion            |       |       |     1 ||     1
 Stab: Sleeping          |     5 |       |       ||     5
  Eat: Chunk             |     1 |     8 |     1 ||    10
       Fruit             |       |     1 |       ||     1
       Meat ration       |       |       |     1 ||     1
Armor: Leather armour    |    31 |     5 |       ||    36
       Plate armour      |       |   194 |     3 ||   197
       Scale mail        |       |       |    31 ||    31
Dodge: Dodged            |    77 |    17 |    29 ||   123
Block: Shield            |       |    76 |    36 ||   112
